AoeStats
← WENDIGO

Four Lakes

508783882Analyzed
1v1 RM · 7d ago on Sep 24, 2026· 55m 23s· 2 players
Game mode
Random Map
Map size
Tiny (2 player)
Population
200
Speed
Normal
Resources
Standard
Victory
Conquest
Starting age
Dark Age
Ending age
Imperial Age
RankedLock teamsTeams togetherTeam positionsShared explorationLock speedFull tech treeHidden civsTurbo modeCheats
Victory
Defeat
🇲🇽 Magyars · Mexico
794
+15
🇺🇸 Varangians · United States
778
-15
GJBrannock
10:58 Feudal Age
15:07 Double-Bit Axe
15:29 Loom
17:32 Horse Collar
20:23 Castle Age
21:41 Heavy Plow
21:54 Bow Saw
22:54 Pikeman
23:29 Treadmill Crane
24:53 Scale Mail Armor
26:03 Chain Mail Armor
27:25 Squires
27:50 Masonry
28:30 Arson
30:58 Gold Mining
30:58 Stone Mining
31:55 Wheelbarrow
31:06 Town Watch
34:34 Imperial Age
33:16 Ballistics
33:15 Scale Barding Armor
33:20 Forging
35:38 Iron Casting
37:27 Fortified Wall
38:35 Conscription
39:01 Architecture
39:34 Hand Cart
40:36 Bloodlines
40:27 Husbandry
40:30 Cavalier
42:56 Light Cavalry
49:26 Blast Furnace
48:47 Chain Barding Armor
49:37 Hussar
52:22 Elite Skirmisher
54:04 Plate Mail Armor
53:29 Fletching
53:41 Padded Archer Armor
WENDIGO
2:14 Loom
11:56 Feudal Age
13:07 Double-Bit Axe
15:40 Fishing Lines
16:07 Gold Mining
18:12 Wheelbarrow
17:32 Stone Mining
19:26 Scale Barding Armor
21:29 Castle Age
20:24 Town Watch
20:56 Bloodlines
22:59 Gold Shaft Mining
23:07 Chain Barding Armor
22:49 Husbandry
22:44 Gillnets
23:54 Corvinian Army
24:48 Hand Cart
25:17 Bow Saw
26:22 Town Patrol
31:47 Imperial Age
32:59 Conscription
33:19 Plate Barding Armor
33:27 Parthian Tactics
32:49 Elite Magyar Huszar
34:00 Recurve Bow
35:12 Two-Man Saw
35:40 Chemistry
34:50 Fletching
37:05 Siege Engineers
39:10 Ballistics
40:07 Thumb Ring
41:13 Heavy Cavalry Archer
41:54 Bodkin Arrow
44:26 Bracer
Connection lost

Rejoining the realm…

Still unreachable

The connection could not be restored.

Session expired

The server has moved on; the page needs a fresh start.